Workbook

Sheet Información
A1: Calculadora de Dinero Rivales | E1: por @AsesoriasFantasy
A4: Información de uso:
A6: 1. Añadir el nombre de cada usuario en la página Dinero Rivales en la primera columna, en la segunda podeis cambiar el dinero inicial si vuestra liga no empieza con 100M.
A8: 2. Añadir en la página Compras el dinero de cada compra que hagan vuestros rivales y se restará automáticamente a cada usuario.
A10: 3. En la página Ventas hay que añadir todas las ventas que hagan vuestros rivales para que se sume en su saldo.
A12: 4. En la página puntuaciones, primero añadir en la casilla B2 cuanto se cobra por punto en la jornada se tiene que añadir cada jornada las puntuaciones para que se sume lo obtenido al saldo.
A14: Información extra:
A16: En la columna Gastos Extraordinarios de la página Dinero Rivales es para que pongáis lo que vuestros rivales se gastan en subir cláusulas, cuando veáis que un jugador ha aumentado su cláusula en 5 millones debéis sumarle 2,5 millones. Además si en vuestra liga cobrais por jugador en el once ideal o otras cosas no contempladas también lo podeís añadir desde esa casilla.
A19: Si se realiza un clausazo hay que añadir al usuario que le han hecho el clausazo la cantidad que le han pagado en ventas y al que ha hecho el clausazo añadirlo en compras.
A21: La columna Total en la pestaña Dinero Rivales es la más importante por ello lleva colores según el dinero que le quede a cada usuario.
A23: Recomendamos fuertemente hacer una fila con vuestro usuario para ir verificando que vuestro saldo corresponde con el del juego.
A25: Se recomienda copiar y pegar desde la web del juego ya que será más fácil, para copiar se recomienda pegar con clic derecho y la segunda opción de pegado ya que así se podrá leer mejor el número insertado.

Sheet Dinero Rivales
A1: Nombres | B1: Dinero Inicial | C1: Compras | D1: Ventas | E1: Jornada | F1: Total | G1: Gastos Extraordinarios
A2: Nombre 1 | B2: 100000000 | C2: =+SUM(Compras!B3:XFD3) -> 0 | D2: =+SUM(Ventas!B3:XFD3) -> 0 | E2: =+SUM(Puntuaciones!B5:AM5)*Puntuaciones!$B$2 -> 0 | F2: =Tabla1[[#This Row],[Dinero Inicial]]-Tabla1[[#This Row],[Compras]]+Tabla1[[#This Row],[Ventas]]+Tabla1[[#This Row],[Jornada]]-Tabla1[[#This Row],[Gastos Extraordinarios]] -> 100000000
A3: Nombre 2 | B3: 100000000 | C3: =+SUM(Compras!B4:XFD4) -> 0 | D3: =+SUM(Ventas!B4:XFD4) -> 0 | E3: =+SUM(Puntuaciones!B6:AM6)*Puntuaciones!$B$2 -> 0 | F3: =Tabla1[[#This Row],[Dinero Inicial]]-Tabla1[[#This Row],[Compras]]+Tabla1[[#This Row],[Ventas]]+Tabla1[[#This Row],[Jornada]]-Tabla1[[#This Row],[Gastos Extraordinarios]] -> 100000000
A4: Nombre 3 | B4: 100000000 | C4: =+SUM(Compras!B5:XFD5) -> 0 | D4: =+SUM(Ventas!B5:XFD5) -> 0 | E4: =+SUM(Puntuaciones!B7:AM7)*Puntuaciones!$B$2 -> 0 | F4: =Tabla1[[#This Row],[Dinero Inicial]]-Tabla1[[#This Row],[Compras]]+Tabla1[[#This Row],[Ventas]]+Tabla1[[#This Row],[Jornada]]-Tabla1[[#This Row],[Gastos Extraordinarios]] -> 100000000
A5: Nombre 4 | B5: 100000000 | C5: =+SUM(Compras!B6:XFD6) -> 0 | D5: =+SUM(Ventas!B6:XFD6) -> 0 | E5: =+SUM(Puntuaciones!B8:AM8)*Puntuaciones!$B$2 -> 0 | F5: =Tabla1[[#This Row],[Dinero Inicial]]-Tabla1[[#This Row],[Compras]]+Tabla1[[#This Row],[Ventas]]+Tabla1[[#This Row],[Jornada]]-Tabla1[[#This Row],[Gastos Extraordinarios]] -> 100000000
A6: Nombre 5 | B6: 100000000 | C6: =+SUM(Compras!B7:XFD7) -> 0 | D6: =+SUM(Ventas!B7:XFD7) -> 0 | E6: =+SUM(Puntuaciones!B9:AM9)*Puntuaciones!$B$2 -> 0 | F6: =Tabla1[[#This Row],[Dinero Inicial]]-Tabla1[[#This Row],[Compras]]+Tabla1[[#This Row],[Ventas]]+Tabla1[[#This Row],[Jornada]]-Tabla1[[#This Row],[Gastos Extraordinarios]] -> 100000000
A7: Nombre 6 | B7: 100000000 | C7: =+SUM(Compras!B8:XFD8) -> 0 | D7: =+SUM(Ventas!B8:XFD8) -> 0 | E7: =+SUM(Puntuaciones!B10:AM10)*Puntuaciones!$B$2 -> 0 | F7: =Tabla1[[#This Row],[Dinero Inicial]]-Tabla1[[#This Row],[Compras]]+Tabla1[[#This Row],[Ventas]]+Tabla1[[#This Row],[Jornada]]-Tabla1[[#This Row],[Gastos Extraordinarios]] -> 100000000
A8: Nombre 7 | B8: 100000000 | C8: =+SUM(Compras!B9:XFD9) -> 0 | D8: =+SUM(Ventas!B9:XFD9) -> 0 | E8: =+SUM(Puntuaciones!B11:AM11)*Puntuaciones!$B$2 -> 0 | F8: =Tabla1[[#This Row],[Dinero Inicial]]-Tabla1[[#This Row],[Compras]]+Tabla1[[#This Row],[Ventas]]+Tabla1[[#This Row],[Jornada]]-Tabla1[[#This Row],[Gastos Extraordinarios]] -> 100000000
A9: Nombre 8 | B9: 100000000 | C9: =+SUM(Compras!B10:XFD10) -> 0 | D9: =+SUM(Ventas!B10:XFD10) -> 0 | E9: =+SUM(Puntuaciones!B12:AM12)*Puntuaciones!$B$2 -> 0 | F9: =Tabla1[[#This Row],[Dinero Inicial]]-Tabla1[[#This Row],[Compras]]+Tabla1[[#This Row],[Ventas]]+Tabla1[[#This Row],[Jornada]]-Tabla1[[#This Row],[Gastos Extraordinarios]] -> 100000000
A10: Nombre 9 | B10: 100000000 | C10: =+SUM(Compras!B11:XFD11) -> 0 | D10: =+SUM(Ventas!B11:XFD11) -> 0 | E10: =+SUM(Puntuaciones!B13:AM13)*Puntuaciones!$B$2 -> 0 | F10: =Tabla1[[#This Row],[Dinero Inicial]]-Tabla1[[#This Row],[Compras]]+Tabla1[[#This Row],[Ventas]]+Tabla1[[#This Row],[Jornada]]-Tabla1[[#This Row],[Gastos Extraordinarios]] -> 100000000
A11: Nombre 10 | B11: 100000000 | C11: =+SUM(Compras!B12:XFD12) -> 0 | D11: =+SUM(Ventas!B12:XFD12) -> 0 | E11: =+SUM(Puntuaciones!B14:AM14)*Puntuaciones!$B$2 -> 0 | F11: =Tabla1[[#This Row],[Dinero Inicial]]-Tabla1[[#This Row],[Compras]]+Tabla1[[#This Row],[Ventas]]+Tabla1[[#This Row],[Jornada]]-Tabla1[[#This Row],[Gastos Extraordinarios]] -> 100000000
A12: Nombre 11 | B12: 100000000 | C12: =+SUM(Compras!B13:XFD13) -> 0 | D12: =+SUM(Ventas!B13:XFD13) -> 0 | E12: =+SUM(Puntuaciones!B15:AM15)*Puntuaciones!$B$2 -> 0 | F12: =Tabla1[[#This Row],[Dinero Inicial]]-Tabla1[[#This Row],[Compras]]+Tabla1[[#This Row],[Ventas]]+Tabla1[[#This Row],[Jornada]]-Tabla1[[#This Row],[Gastos Extraordinarios]] -> 100000000
A13: Nombre 12 | B13: 100000000 | C13: =+SUM(Compras!B14:XFD14) -> 0 | D13: =+SUM(Ventas!B14:XFD14) -> 0 | E13: =+SUM(Puntuaciones!B16:AM16)*Puntuaciones!$B$2 -> 0 | F13: =Tabla1[[#This Row],[Dinero Inicial]]-Tabla1[[#This Row],[Compras]]+Tabla1[[#This Row],[Ventas]]+Tabla1[[#This Row],[Jornada]]-Tabla1[[#This Row],[Gastos Extraordinarios]] -> 100000000
... A21: Nombre 20 | B21: 100000000 | C21: =+SUM(Compras!B22:XFD22) -> 0 | D21: =+SUM(Ventas!B22:XFD22) -> 0 | E21: =+SUM(Puntuaciones!B24:AM24)*Puntuaciones!$B$2 -> 0 | F21: =Tabla1[[#This Row],[Dinero Inicial]]-Tabla1[[#This Row],[Compras]]+Tabla1[[#This Row],[Ventas]]+Tabla1[[#This Row],[Jornada]]-Tabla1[[#This Row],[Gastos Extraordinarios]] -> 100000000

Sheet Compras
A1: Compras
A2: Nombres
A3: =+'Dinero Rivales'!A2 -> Nombre 1
A4: =+'Dinero Rivales'!A3 -> Nombre 2
A5: =+'Dinero Rivales'!A4 -> Nombre 3
A6: =+'Dinero Rivales'!A5 -> Nombre 4
A7: =+'Dinero Rivales'!A6 -> Nombre 5
A8: =+'Dinero Rivales'!A7 -> Nombre 6
A9: =+'Dinero Rivales'!A8 -> Nombre 7
A10: =+'Dinero Rivales'!A9 -> Nombre 8
A11: =+'Dinero Rivales'!A10 -> Nombre 9
A12: =+'Dinero Rivales'!A11 -> Nombre 10
A13: =+'Dinero Rivales'!A12 -> Nombre 11
A14: =+'Dinero Rivales'!A13 -> Nombre 12
... A22: =+'Dinero Rivales'!A21 -> Nombre 20

Sheet Ventas
A1: Ventas
A2: Nombres
A3: =+Compras!A3 -> Nombre 1
A4: =+Compras!A4 -> Nombre 2
A5: =+Compras!A5 -> Nombre 3
A6: =+Compras!A6 -> Nombre 4
A7: =+Compras!A7 -> Nombre 5
A8: =+Compras!A8 -> Nombre 6
A9: =+Compras!A9 -> Nombre 7
A10: =+Compras!A10 -> Nombre 8
A11: =+Compras!A11 -> Nombre 9
A12: =+Compras!A12 -> Nombre 10
A13: =+Compras!A13 -> Nombre 11
A14: =+Compras!A14 -> Nombre 12
... A22: =+Compras!A22 -> Nombre 20

Sheet Puntuaciones
A2: Indicar en la casilla de la derecha cuanto se cobra por jornada: ej. Si cobrais 100.000€ por jornada escribís 100000
A4: Tabla de Puntuaciones | B4: Jornada 1 | C4: Jornada 2 | D4: Jornada 3 | E4: Jornada 4 | F4: Jornada 5 | G4: Jornada 6 | H4: Jornada 7 | I4: Jornada 8 | J4: Jornada 9 | K4: Jornada 10 | L4: Jornada 11 | M4: Jornada 12 | N4: Jornada 13 | O4: Jornada 14 | P4: Jornada 15 | Q4: Jornada 16 | R4: Jornada 17 | S4: Jornada 18 | T4: Jornada 19 | U4: Jornada 20 | V4: Jornada 21 | W4: Jornada 22 | X4: Jornada 23 | Y4: Jornada 24 | Z4: Jornada 25 | AA4: Jornada 26 | AB4: Jornada 27 | AC4: Jornada 28 | AD4: Jornada 29 | AE4: Jornada 30 | AF4: Jornada 31 | AG4: Jornada 32 | AH4: Jornada 33 | AI4: Jornada 34 | AJ4: Jornada 35 | AK4: Jornada 36 | AL4: Jornada 37 | AM4: Jornada 38
A5: =+'Dinero Rivales'!A2 -> Nombre 1
A6: =+'Dinero Rivales'!A3 -> Nombre 2
A7: =+'Dinero Rivales'!A4 -> Nombre 3
A8: =+'Dinero Rivales'!A5 -> Nombre 4
A9: =+'Dinero Rivales'!A6 -> Nombre 5
A10: =+'Dinero Rivales'!A7 -> Nombre 6
A11: =+'Dinero Rivales'!A8 -> Nombre 7
A12: =+'Dinero Rivales'!A9 -> Nombre 8
A13: =+'Dinero Rivales'!A10 -> Nombre 9
A14: =+'Dinero Rivales'!A11 -> Nombre 10
A15: =+'Dinero Rivales'!A12 -> Nombre 11
A16: =+'Dinero Rivales'!A13 -> Nombre 12
... A24: =+'Dinero Rivales'!A21 -> Nombre 20

Sheet Copyright
A1: Contacto:
A3: Web: | B3: https://asesoriasfantasy.com/
A5: Twitter: | B5: Asesor_Fantasy
A7: Telegram: | B7: https://t.me/Asesorias_Fantasy
A11: Esta publicación contiene material protegido y su distribución es gratuita.
A13: Queda expresamente prohibida su venta, alquiler y todo otro tipo de comercialización bajo ninguna circunstancia.
A15: El uso no autorizado de este documento o del material que en él se presenta, puede dar lugar a una reclamación por daños y perjuicios.
